 Dungeon Crawl Stone Soup version 0.30-a0-728-gc68057be0a (webtiles) character file.

Game seed: 17787370803255294005

196 jimonade the Shield-Bearer (level 6, -2/48 HPs)
             Began as a Formicid Fighter on Jan 31, 2023.
             Slain by Dowan
             ... wielding a +0 dagger
              (3 damage)
             ... on level 4 of the Dungeon.
             The game lasted 00:05:30 (2567 turns).

jimonade the Shield-Bearer (Formicid Fighter)       Turns: 2567, Time: 00:05:30

Health: -2/48      AC:  9    Str: 21    XL:     6   Next: 4%
Magic:  6/6        EV:  9    Int:  7    God:
Gold:   204        SH: 10    Dex: 15    Spells: 5/5 levels left

rFire   . . .      SeeInvis +    a - +1 long sword (heavy)
rCold   . . .      Faith    .    c - +0 buckler
rNeg    . . .      Spirit   .    b - +0 scale mail
rPois   .          Reflect  +    (helmet unavailable)
rElec   .          Harm     .    (no cloak)
rCorr   .          Rampage  .    (no gloves)
Will    .....                    f - +1 pair of boots Stlth
                                 l - amulet of reflection
HPRegen 0.28/turn                (no ring)
MPRegen 0.10/turn                (no ring)

@: no status effects
A: permanent stasis, dig shafts and tunnels, antennae 3, four strong arms
a: Dig, Shaft Self


You were on level 4 of the Dungeon.
You visited 1 branch of the dungeon, and saw 4 of its levels.
You also visited: Sewer.

You collected 204 gold pieces.

Inventory:

Hand Weapons
 a - a +1 heavy long sword (weapon)
Armour
 b - a +0 scale mail (worn)
 c - a +0 buckler (worn)
 f - a +1 pair of boots (worn)
 i - a +0 ring mail
Jewellery
 l - an amulet of reflection (around neck)
Scrolls
 e - a scroll of enchant armour
 t - a scroll of enchant weapon
 v - 2 scrolls of identify
Potions
 d - 2 potions of might
 g - 2 potions of resistance
 h - 2 potions of curing
 j - 2 potions of invisibility {unknown}
 m - a potion of attraction {unknown}
 n - a potion of haste {unknown}
 p - 2 potions of heal wounds {unknown}
 r - 3 potions of brilliance {unknown}
 s - 3 potions of degeneration {unknown}


   Skills:
 + Level 4.1 Fighting
 + Level 1.2(2.9) Short Blades
 * Level 4.2(4.3) Long Blades
 + Level 4.1 Armour
 + Level 4.6 Shields


You had 5 spell levels left.
You didn't know any spells.
Your spell library contained the following spells:

 Spells                   Type           Power      Damage    Failure   Level
 Magic Dart               Conj           0%         1d3       83%         1
 Call Imp                 Summ           0%         N/A       92%         2
 Lesser Beckoning         Tloc           0%         N/A       92%         2
 Gell's Gravitas          Tloc           0%         N/A       99%         3
 Hailstorm                Conj/Ice       0%         3d3       99%         3
 Mephitic Cloud           Conj/Pois/Air  0%         N/A       99%         3
 Teleport Other           Tloc           0%         N/A       99%         3
 Ice Form                 Ice/Tmut       0%         N/A       100%        4
 Simulacrum               Ice/Necr       0%         N/A       100%        6


Dungeon Overview and Level Annotations

Branches:
Dungeon (4/15)              Sewer (visited)
 Temple: D:4-7

Altars:

Annotations:
D:4 Dowan, Duvessa


Innate Abilities, Weirdness & Mutations

You cannot be hasted, slowed, berserked, paralysed or teleported.
You can dig through walls and to a lower floor.
You have a pair of large antennae on your head. (SInv)
Your four strong arms can wield two-handed weapons with a shield.


Message History

The giant cockroach bites you but does no damage.
You block the giant cockroach's attack.
You slice the giant cockroach!!
You kill the giant cockroach!
You closely miss Duvessa. You closely miss Duvessa.
Duvessa hits you with a +0 rapier. Duvessa closely misses you.
Dowan hits you but does no damage.
You barely miss Duvessa. Dowan hits you with a +0 dagger.
Duvessa hits you with a +0 rapier. You block Duvessa's attack.
You block Dowan's attack.
You slice Duvessa!!
Duvessa is heavily wounded.
Dowan barely misses you. Duvessa hits you with a +0 rapier!
Duvessa hits you with a +0 rapier. Dowan hits you but does no damage.
You slash Duvessa!
Duvessa is severely wounded.
Dowan gestures wildly while chanting.
Dowan blinks!
Duvessa drinks a potion.
Duvessa is healed!
You hit Duvessa but do no damage.
Duvessa is heavily wounded.
You block Duvessa's attack. You block Dowan's attack. Dowan barely misses you.
Duvessa hits you with a +0 rapier!
You slash Duvessa!
Duvessa is severely wounded.
Dowan hits you but does no damage. Duvessa hits you with a +0 rapier!
* * * LOW HITPOINT WARNING * * *
Duvessa barely misses you. Dowan hits you but does no damage.
You barely miss Duvessa.
Duvessa is severely wounded.
You block Dowan's attack. You block Duvessa's attack. x2
Dowan points at you and mumbles some strange words.
The puff of frost hits you.
* * * LOW HITPOINT WARNING * * *
You hit Duvessa.
Duvessa is almost dead.
Dowan says, "Stay away from my face!"
You block Dowan's attack. Duvessa hits you with a +0 rapier!
* * * LOW HITPOINT WARNING * * *
Dowan hits you with a +0 dagger.
You die...

##<.....########
##............####
############.†..###
####...#
#####.#####
#.........#
##.........#
##..........#
#...e@e.....#
#..##.######## #.
#).## ##..# ##{## #
#..†######
...##.##e.....#
#..e.##......#
..#.........#


You could see Duvessa and Dowan.

Vanquished Creatures
  A water moccasin (Sewer)
  2 river rats (D:3)
  2 adders
  A worm (D:2)
  2 dart slugs (D:3)
  An orc (D:4)
  5 bats
  6 endoplasms
  3 giant cockroaches
  9 hobgoblins
  A kobold (D:2)
  A quokka (D:1)
  3 ball pythons
  A frilled lizard (D:3)
  4 goblins
  6 rats (D:1)
48 creatures vanquished.

Notes
Turn   | Place    | Note
-------+----------+-------------------------------------------
     0 | D:1      | jimonade the Formicid Fighter began the quest for the Orb.
     0 | D:1      | Reached XP level 1. HP: 18/18 MP: 1/1
   144 | D:1      | Reached XP level 2. HP: 24/24 MP: 2/2
   516 | D:1      | Reached XP level 3. HP: 30/30 MP: 3/3
   796 | D:2      | Reached skill level 1 in Short Blades
  1770 | D:3      | Reached XP level 4. HP: 35/37 MP: 4/4
  1779 | D:3      | Found a glowing drain.
  1795 | Sewer    | Entered a sewer
  1832 | Sewer    | Noticed a water moccasin
  1838 | Sewer    | Killed a water moccasin
  1839 | Sewer    | Reached XP level 5. HP: 42/42 MP: 5/5
  2543 | D:4      | Reached XP level 6. HP: 48/48 MP: 6/6
  2546 | D:4      | Noticed Duvessa
  2546 | D:4      | Noticed Dowan
  2567 | D:4      | HP: 1/48 [Duvessa/+0 rapier (7)]
  2567 | D:4      | Slain by Dowan

Illustrated notes

Levels and vault maps discovered:
D:1:      minmay_arrival_up_and_down, layout_loops_ring
D:2:      layout_basic
D:3:      layout_basic, cheibrodos_sewer_entry_sluice, mrwooster_statue_mirror,
          hex_tiny, minmay_door_square
D:4:      layout_rooms, lemuel_doored_altar, nicolae_shop_dragon_depot,
          st_stairs_14, uniq_blork_the_orc, uniq_eustachio, uniq_duvessa

Skill      XL: |  1  2  3  4  5 |
---------------+----------------+-----
Short Blades   | 1 |  1.2
Fighting       | 4 |  4.1
Long Blades    | 3 4 |  4.2
Armour         | 4 |  4.1
Shields        | |  4.6

Action                     |  1- 3 |  4- 6 || total
---------------------------+-------+-------++-------
  Melee: Long sword        |    88 |    49 ||   137
    Use: Scroll            |     8 |     4 ||    12
 Armour: Scale mail        |    52 |    28 ||    80
  Dodge: Dodged            |    41 |    27 ||    68
  Block: Buckler           |    26 |    23 ||    49

Table legend: (Time is in decaauts)
 A = Elapsed time spent in this place.
 B = Non-inter-level travel time spent in this place.
 C = Inter-level travel time spent in this place.
 D = Time resting spent in this place.
 E = Time spent auto-exploring this place.
 F = Levels seen in this place.
 G = Mean time per level.
                   A        B        C        D        E       F      G
               +--------+--------+--------+--------+--------+-----+--------+
         Total |   2653 |   2555 |     98 |    179 |   1889 |   5 |  530.6 |
       Dungeon |   2513 |   2415 |     98 |    179 |   1789 |   4 |  628.2 |
         Sewer |    140 |    140 |      0 |      0 |    100 |   1 |  140.0 |
               +--------+--------+--------+--------+--------+-----+--------+

Top non-repeatable levels by time:
     D:2: 985 daAuts
     D:1: 767 daAuts
     D:3: 669 daAuts
   Sewer: 140 daAuts
     D:4: 91 daAuts
